cohdb
Replays
Latest Replays
All Replays
Popular Replays
Top Player Replays
Match Explorer
How It Works
Community
CoH3 Stats
Reddit
Sign in to upload your games and track your stats! →
Sign in with Steam
Match 40700206
Unlisted
Match 40700206
Overview
Messages
Build Orders
End
Panzergrenadier Squad
Selects Armored Support Battlegroup
Panzergrenadier Squad
250 Light Carrier
Construct Light Support Kompanie
Selects Superior Fire Drills
250 Light Carrier
Combat Half-tracks
Assault Mechanized Group
Selects Salvage Kits
Panzerjäger Squad
Construct Mechanized Kompanie
Support Armor Elements
StuG III D Assault Gun
Selects Flammpanzer III Medium Tank
Zergvoss
True Xavier
RTX 5080 RYZEN 9800X3D ENJOYER
Sarmynation
0
0
Comments
sign in to comment!
No comments posted yet!